 Dungeon Crawl Stone Soup version 0.32-a0-876-gcfddb08e57 (webtiles) character file.

Game seed: 110134551106880597

2491 Chadd the Spear-Bearer (level 9, -5/74 HPs)
             Began as a Gnoll Cinder Acolyte on Mar 31, 2024.
             Was an Initiate of Hepliaklqana.
             Slain by a fire elemental (9 damage)
             ... created by the fiery vengeance of Ignis
             ... on level 6 of the Dungeon.
             The game lasted 00:19:10 (7330 turns).

Chadd the Spear-Bearer (Gnoll Cinder Acolyte)       Turns: 7330, Time: 00:19:11

Health: -5/74      AC: 12    Str: 24    XL:     9   Next: 52%
Magic:  0/17       EV: 10    Int: 14    God:    Hepliaklqana [......]
Gold:   184        SH:  0    Dex:  7    Spells: 18/18 levels left

rFire   . . .        a - -1 spear (flame)
rCold   . . .        (no shield)
rNeg    . . .        u - +0 scale mail
rPois   .            C - +0 helmet
rElec   .            j - +0 cloak
rCorr   .            A - +0 pair of gloves {hurl}
SInv    .            y - +0 pair of boots
Will    .....        c - amulet of guardian spirit
Stlth   +            g - +6 ring of strength
HPRegen 0.32/turn    (no ring)
MPRegen 0.15/turn

%: guardian spirit
@: fire susceptible
A: fangs 1, strong nose, distributed training
a: Renounce Religion


You were on level 6 of the Dungeon.
You worshipped Hepliaklqana.
Hepliaklqana was noncommittal.
You visited 1 branch of the dungeon, and saw 7 of its levels.

You collected 184 gold pieces.

Inventory:

Hand Weapons
 a - a -1 spear of flaming (weapon)
Missiles
 v - 5 boomerangs (quivered)
Armour
 j - a +0 cloak (worn)
 u - a +0 scale mail (worn)
 y - a +0 pair of boots (worn)
 A - a +0 pair of gloves of hurling (worn)
 C - a +0 helmet (worn)
Jewellery
 c - an amulet of guardian spirit (around neck)
 g - a +6 ring of strength (left hand)
 k - an amulet of reflection
 t - a ring of magical power
 G - a ring of protection from cold
Wands
 l - a wand of charming (7)
 n - a wand of mindburst (8)
 w - a wand of flame (12)
Scrolls
 b - a scroll of poison {unknown}
 d - 7 scrolls of identify {unknown}
 e - 2 scrolls of amnesia {unknown}
 f - 3 scrolls of vulnerability {unknown}
 i - 2 scrolls of noise {unknown}
 o - a scroll of torment {unknown}
 p - a scroll of revelation {unknown}
 q - a scroll of enchant weapon {unknown}
 r - a scroll of blinking {unknown}
 s - a scroll of fear {unknown}
 F - a scroll of enchant armour {unknown}
 H - a scroll of teleportation {unknown}
Potions
 h - a potion of brilliance {unknown}
 m - a potion of attraction {unknown}
 x - a potion of curing
 z - 3 potions of degeneration {unknown}
 B - a potion of haste {unknown}
 D - a potion of invisibility {unknown}
 E - 2 potions of heal wounds {unknown}


   Skills:
 + Level 8.0 Fighting
 + Level 4.5 Short Blades
 + Level 4.5 Long Blades
 + Level 4.5 Axes
 + Level 4.5 Maces & Flails
 + Level 8.0 Polearms
 + Level 4.5 Staves
 + Level 4.5 Ranged Weapons
 + Level 4.5 Throwing
 + Level 4.5 Armour
 + Level 4.5 Dodging
 + Level 4.5 Stealth
 + Level 4.5 Shields
 + Level 4.5 Unarmed Combat
 + Level 5.4 Spellcasting
 + Level 3.7 Conjurations
 + Level 3.7 Hexes
 + Level 3.7 Summonings
 + Level 3.7 Necromancy
 + Level 3.7 Translocations
 + Level 6.7 Fire Magic
 + Level 3.7 Ice Magic
 + Level 3.7 Air Magic
 + Level 3.7 Earth Magic
 + Level 3.7 Alchemy
 + Level 5.0 Invocations
 + Level 4.5 Evocations
 + Level 4.1 Shapeshifting


You had 18 spell levels left.
You didn't know any spells.
Your spell library contained the following spells:

 Spells                   Type           Power      Damage    Failure   Level
 Scorch                   Fire           44%        2d6       3%          2
 Apportation              Tloc           28%        N/A       9%          1
 Call Imp                 Summ           28%        N/A       13%         2
 Jinxbite                 Hex            28%        N/A       13%         2
 Sublimation of Blood     Necr           14%        N/A       13%         2
 Tukima's Dance           Hex            14%        N/A       26%         3
 Olgreb's Toxic Radiance  Alch           14%        N/A       65%         4
 Passage of Golubria      Tloc           14%        N/A       65%         4
 Alistair's Intoxication  Alch           9%         N/A       94%         5
 Yara's Violent Unravell  Hex/Alch       7%         3d5       94%         5
 Ozocubu's Refrigeration  Ice            7%         4d9       100%        7
 Summon Hydra             Summ           7%         N/A       100%        7
 Discord                  Hex            7%         N/A       100%        8


Dungeon Overview and Level Annotations

Branches:
Dungeon (7/15)             Temple (0/1) D:7

Altars:
Dithmenos
Gozag
Hepliaklqana
Kikubaaqudgha
Nemelex Xobeh
Okawaru
Qazlal
Ru
Vehumet
Yredelemnul
The Shining One

Shops:
D:6 [

Annotations:
D:4 1 runed translucent door, Crazy Yiuf


Innate Abilities, Weirdness & Mutations

You have very sharp teeth.
Your uncanny sense of smell can sniff out nearby items.
Your experience applies equally to all skills.


Message History

You throw a boomerang. The boomerang hits the fire elemental!
The fire elemental is severely damaged.
The fire elemental hits you. The fire elemental burns you!
* * * LOW HITPOINT WARNING * * *
Throw: 5 boomerangs
Press: ? - help, Q - select action, (/) - cycle Shift-Dir - straight line, f/p - fire elemental
Aim: a fire elemental (severely damaged, durably summoned, 56% to hit)
You throw a boomerang.
The boomerang barely misses the fire elemental.
The fire elemental closely misses you.
Throw: 5 boomerangs
Press: ? - help, Q - select action, (/) - cycle Shift-Dir - straight line, f/p - fire elemental
Aim: a fire elemental (severely damaged, durably summoned, 56% to hit)
You throw a boomerang.
The boomerang completely misses the fire elemental.
The fire elemental completely misses you.
The fire elemental hits you. The fire elemental burns you!
* * * LOW HITPOINT WARNING * * *
You feel better. The fire elemental hits you.
* * * LOW HITPOINT WARNING * * *
The fire elemental burns you!
* * * LOW HITPOINT WARNING * * *
You feel better. The fire elemental misses you.
You closely miss the fire elemental.
The fire elemental is severely damaged.
The fire elemental hits you. The fire elemental burns you!
* * * LOW HITPOINT WARNING * * *
You hit the fire elemental.
The fire elemental is severely damaged.
The fire elemental hits you. The fire elemental burns you!
* * * LOW HITPOINT WARNING * * *
Unknown command.
Throw: 5 boomerangs
Press: ? - help, Q - select action, (/) - cycle Shift-Dir - straight line, f/p - fire elemental
Aim: a fire elemental (severely damaged, durably summoned, 56% to hit)
You throw a boomerang.
The boomerang barely misses the fire elemental.
The fire elemental hits you. The fire elemental burns you!
You die...
Hepliaklqana delivers you to your ancestors.

..........###..#.#.####...####...
.ß..>..ß....[)[#.#......#.# #...
..........####.#.######.#.# #...
..#####..##...[.........#.# #...
#.##..#.###....#.####...#.# #...
#+#...#'#.................# #.#.
#....(....#...........###.# #.#.
####......#......E#####.#.# #.#.
####......#....#@######.#.####...
..........##.#.####.....####.....
####.##........# #.###..........
####.##........####.#######......
............<....................
...#.##........####.####.##..####
...#.#######.#...........##..####
......................#..##..÷...
.....#.#####.............##...###


You could see a fire elemental.

Vanquished Creatures
  Prince Ribbit (D:7)
  A fire elemental (D:6)
  4 vampire mosquitoes (D:7)
  Edmund (D:4)
  2 black bears
  A sky beast (D:7)
  3 ice beasts
  An ogre (D:6)
  A phantom (D:7)
  2 scorpions
  4 killer bees (D:7)
  4 howler monkeys
  2 bombardier beetles (D:6)
  4 hounds
  2 orc priests (D:6)
  An iguana (D:4)
  2 orc wizards
  A gnoll (D:2)
  8 adders
  2 shadow imps
  A white imp (D:7)
  3 ribbon worms (D:3)
  6 dart slugs
  14 orcs
  13 endoplasms
  4 giant cockroaches
  5 goblins
  6 hobgoblins
  4 jackals
  7 kobolds
  6 quokkas
  6 ball pythons
  3 bats (D:1)
  3 frilled lizards
  3 rats
131 creatures vanquished.

Vanquished Creatures (others)
  27 foxfires
27 creatures vanquished.

Grand Total: 158 creatures vanquished

Notes
Turn   | Place    | Note
-------+----------+-------------------------------------------
     0 | D:1      | Chadd the Gnoll Cinder Acolyte began the quest for the Orb.
     0 | D:1      | Reached XP level 1. HP: 23/23 MP: 4/4
    58 | D:1      | Reached XP level 2. HP: 23/29 MP: 5/5
   376 | D:1      | Reached XP level 3. HP: 30/35 MP: 7/7
   673 | D:1      | Reached skill level 1 in Invocations
  1104 | D:2      | Reached skill level 1 in Short Blades
  1104 | D:2      | Reached skill level 1 in Long Blades
  1104 | D:2      | Reached skill level 1 in Axes
  1104 | D:2      | Reached skill level 1 in Maces & Flails
  1104 | D:2      | Reached skill level 1 in Staves
  1104 | D:2      | Reached skill level 1 in Ranged Weapons
  1104 | D:2      | Reached skill level 1 in Throwing
  1104 | D:2      | Reached skill level 1 in Armour
  1104 | D:2      | Reached skill level 1 in Dodging
  1104 | D:2      | Reached skill level 1 in Stealth
  1104 | D:2      | Reached skill level 1 in Shields
  1104 | D:2      | Reached skill level 1 in Unarmed Combat
  1104 | D:2      | Reached skill level 1 in Evocations
  1205 | D:2      | Reached skill level 1 in Shapeshifting
  1205 | D:2      | Reached XP level 4. HP: 33/41 MP: 8/8
  1593 | D:2      | Reached skill level 1 in Conjurations
  1593 | D:2      | Reached skill level 1 in Hexes
  1593 | D:2      | Reached skill level 1 in Summonings
  1593 | D:2      | Reached skill level 1 in Necromancy
  1593 | D:2      | Reached skill level 1 in Translocations
  1593 | D:2      | Reached skill level 1 in Ice Magic
  1593 | D:2      | Reached skill level 1 in Air Magic
  1593 | D:2      | Reached skill level 1 in Earth Magic
  1593 | D:2      | Reached skill level 1 in Alchemy
  2020 | D:3      | Found a radiant altar of Vehumet.
  2020 | D:3      | Found a shadowy altar of Dithmenos.
  2649 | D:4      | Noticed a black bear
  2659 | D:4      | Killed a black bear
  2660 | D:4      | Reached XP level 5. HP: 23/47 MP: 3/9
  2698 | D:4      | Reached XP level 6. HP: 37/53 MP: 7/11
  2842 | D:4      | Noticed Edmund
  2886 | D:4      | Killed Edmund
  3006 | D:4      | Reached XP level 7. HP: 51/60 MP: 12/12
  3044 | D:4      | Found an iron altar of Okawaru.
  3072 | D:4      | Found a sacrificial altar of Ru.
  3293 | D:4      | Found a runed translucent door.
  3294 | D:4      | Noticed Crazy Yiuf
  3565 | D:5      | Entered Level 5 of the Dungeon
  3970 | D:5      | Found a hazy altar of Hepliaklqana.
  3970 | D:5      | Found a stormy altar of Qazlal.
  3970 | D:5      | Found an ancient bone altar of Kikubaaqudgha.
  4169 | D:6      | Identified the +5 rapier of Dishonour {flame, rElec rN++
                  | rCorr Dex-3}
  4196 | D:6      | Found Lolen's Armour Shop.
  4285 | D:6      | Reached XP level 8. HP: 66/67 MP: 14/14
  5101 | D:6      | Found a sparkling altar of Nemelex Xobeh.
  5101 | D:6      | Found an opulent altar of Gozag.
  5287 | D:7      | Found a staircase to the Ecumenical Temple.
  5320 | D:7      | Found a glowing golden altar of the Shining One.
  5322 | D:7      | Noticed an angel
  5332 | D:7      | Found a basalt altar of Yredelemnul.
  5357 | D:7      | Noticed a profane servitor
  5402 | D:7      | Noticed Prince Ribbit
  5429 | D:7      | Killed Prince Ribbit
  5636 | D:7      | Reached XP level 9. HP: 61/73 MP: 13/16
  5950 | D:7      | Reached skill level 5 in Spellcasting
  6614 | D:5      | Fell from the grace of Ignis
  6614 | D:5      | Became a worshipper of Hepliaklqana the Forgotten
  6973 | D:6      | You fall into a shaft and drop 1 floor!
  7179 | D:7      | Reached skill level 5 in Invocations
  7330 | D:6      | Slain by a fire elemental

Illustrated notes

Levels and vault maps discovered:
D:1:      scummos_arrival_hexagon, layout_basic
D:2:      layout_rooms, cheibrodos_gnoll_hut
D:3:      layout_basic, chequers_temple_overflow_statue_of_worship,
          cheibrodos_sewer_entry_bend
D:4:      nicolae_BIG_FREAKIN_CUBE, layout_rooms, okawaru_gym_becter,
          mainiacjoe_overflow_small_starburst, minmay_hedge_maze,
          uniq_crazy_yiuf_cottage, uniq_edmund
D:5:      layout_cave_pools, gammafunk_temple_overflow_claw
D:6:      layout_basic, grunt_temple_overflow_opulence, serial_shops,
          nicolae_shop_trees, kennysheep_nub, grunt_ministairs_15
D:7:      layout_basic, grunt_temple_overflow_holy_war, temple_hall,
          uniq_prince_ribbit1

Skill      XL: |  1  2  3  4  5  6  7  8  9 |
---------------+----------------------------+-----
Invocations    | 1 2 3 4 5 |  5.0
Short Blades   | 1 2 3 4 |  4.5
Long Blades    | 1 2 3 4 |  4.5
Axes           | 1 2 3 4 |  4.5
Maces & Flails | 1 2 3 4 |  4.5
Staves         | 1 2 3 4 |  4.5
Ranged Weapons | 1 2 3 4 |  4.5
Throwing       | 1 2 3 4 |  4.5
Armour         | 1 2 3 4 |  4.5
Dodging        | 1 2 3 4 |  4.5
Stealth        | 1 2 3 4 |  4.5
Shields        | 1 2 3 4 |  4.5
Unarmed Combat | 1 2 3 4 |  4.5
Evocations     | 1 2 3 4 |  4.5
Shapeshifting  | 1 2 3 4 |  4.1
Spellcasting   | 3 4 5 |  5.4
Conjurations   | 1 2 3 |  3.7
Hexes          | 1 2 3 |  3.7
Summonings     | 1 2 3 |  3.7
Necromancy     | 1 2 3 |  3.7
Translocations | 1 2 3 |  3.7
Ice Magic      | 1 2 3 |  3.7
Air Magic      | 1 2 3 |  3.7
Earth Magic    | 1 2 3 |  3.7
Alchemy        | 1 2 3 |  3.7
Fighting       | 7 8 |  8.0
Polearms       | 7 8 |  8.0
Fire Magic     | 6 |  6.7

Action                     |  1- 3 |  4- 6 |  7- 9 || total
---------------------------+-------+-------+-------++-------
  Melee: Spear             |   140 |   221 |   414 ||   775
         Bite              |     5 |    14 |    29 ||    48
  Throw: Boomerang         |       |       |    22 ||    22
 Invoke: Fiery Armour      |     1 |     2 |     3 ||     6
         Foxfire Swarm     |       |     3 |     1 ||     4
         Rising Flame      |       |       |     1 ||     1
    Use: Potion            |       |       |     3 ||     3
   Stab: Sleeping          |     1 |       |       ||     1
 Armour: Robe              |    43 |    99 |    10 ||   152
         Scale mail        |       |       |   276 ||   276
         Skin              |       |       |    11 ||    11
  Dodge: Dodged            |    60 |   114 |   155 ||   329

Table legend: (Time is in decaauts)
 A = Elapsed time spent in this place.
 B = Non-inter-level travel time spent in this place.
 C = Inter-level travel time spent in this place.
 D = Time resting spent in this place.
 E = Time spent auto-exploring this place.
 F = Levels seen in this place.
 G = Mean time per level.
                   A        B        C        D        E       F      G
               +--------+--------+--------+--------+--------+-----+--------+
         Total |   7143 |   5863 |   1280 |    751 |   3945 |   7 | 1020.4 |
       Dungeon |   7143 |   5863 |   1280 |    751 |   3945 |   7 | 1020.4 |
               +--------+--------+--------+--------+--------+-----+--------+

Top non-repeatable levels by time:
     D:6: 1596 daAuts
     D:7: 1483 daAuts
     D:1: 1065 daAuts
     D:3: 936 daAuts
     D:4: 910 daAuts
     D:5: 581 daAuts
     D:2: 569 daAuts
